 Dungeon Crawl Stone Soup version 0.23.2-33-g5129a83184 (webtiles) character file.

Game seed: 16354998701078740116

109 H0rd4k the Charlatan (level 5, -6/37 HPs)
             Began as a Human Artificer on July 31, 2019.
             Mangled by Natasha (9 damage)
             ... on level 1 of the Dungeon.
             The game lasted 00:01:50 (1928 turns).

H0rd4k the Charlatan (Human Artificer)              Turns: 1928, Time: 00:01:50

Health: -6/37      AC:  3    Str: 14    XL:     5   Next: 13%
Magic:  7/7        EV: 12    Int: 11    God:
Gold:   65         SH:  0    Dex: 13    Spells: 4/4 levels left

rFire    . . .     SeeInvis .   k - +2 dagger (venom)
rCold    . . .     Gourm    .   (no shield)
rNeg     . . .     Faith    .   b - +0 leather armour
rPois    .         Spirit   .   (no helmet)
rElec    .         Reflect  .   (no cloak)
rCorr    .         Harm     .   (no gloves)
MR       .....                  (no boots)
Stlth    +.........             (no amulet)
HPRegen  0.12/turn              (no ring)
MPRegen  0.10/turn              (no ring)

@: no status effects
A: no striking features
a: no special abilities


You were on level 1 of the Dungeon.
You were very hungry.

You visited 1 branch of the dungeon, and saw 2 of its levels.

You collected 65 gold pieces.

Inventory:

Hand Weapons
 a - a +0 short sword
 k - a +2 dagger of venom (weapon)
Armour
 b - a +0 leather armour (worn)
Jewellery
 h - a +6 amulet of reflection {unknown}
Wands
 c - a wand of flame (15)
 d - a wand of enslavement (15)
 e - a wand of random effects (15)
Scrolls
 g - a scroll of identify {unknown}
 m - a scroll of enchant armour {unknown}
Potions
 i - a potion of brilliance {unknown}
 j - a potion of ambrosia {unknown}
Comestibles
 f - 4 rations


   Skills:
 + Level 1.5 Fighting
 + Level 2.2 Short Blades
 + Level 2.2 Armour
 + Level 2.2 Dodging
 + Level 1.3 Stealth
 + Level 3.7 Evocations


You had 4 spell levels left.
You didn't know any spells.
Your spell library was empty.

Dungeon Overview and Level Annotations

Branches:
Dungeon (2/15)

Altars:

Annotations:
D:1 Natasha


Message History

You miss Natasha.
Natasha is heavily wounded.
Natasha casts a spell at you. The magic dart hits you.
You hit Natasha but do no damage.
Natasha is heavily wounded.
The white imp misses you. Natasha claws you.
You closely miss Natasha.
Natasha is heavily wounded.
The white imp hits you. The white imp freezes you.
Natasha completely misses you.
You barely miss Natasha.
Natasha is severely wounded.
The white imp gestures at you. The puff of frost hits you!
* * * LOW HITPOINT WARNING * * *
You hit Natasha but do no damage.
Natasha looks even sicker.
Natasha is severely wounded.
Natasha claws you!
You die...

## ### .# ##############.#### .#
#.................. .#
##.....########.##.# .#
#..(.............>##
.#############..........).....#.#
................@.....####.......
..............##5h...............
#############.#..........#......#
#.##.........##...#.#
#....................
#.###.....#.####.##.#
#.##.......).....##.#
#.##.............##.#
#.##.##..............


You could see Natasha and a white imp.

Vanquished Creatures
  Natasha (twice) (D:1)
  An adder (D:2)
  An ooze (D:1)
  2 dart slugs (D:1)
  A leopard gecko (D:2)
  7 bats
  3 goblins (D:1)
  5 hobgoblins (D:1)
  3 jackals (D:1)
  6 kobolds (D:1)
  2 ball pythons
  3 frilled lizards
  5 rats
41 creatures vanquished.

Notes
Turn   | Place    | Note
-------+----------+-------------------------------------------
     0 | D:1      | H0rd4k the Human Artificer began the quest for the Orb.
     0 | D:1      | Reached XP level 1. HP: 15/15 MP: 3/3
   304 | D:1      | Reached XP level 2. HP: 14/21 MP: 4/4
   430 | D:1      | Reached skill level 1 in Armour
   430 | D:1      | Reached XP level 3. HP: 7/26 MP: 5/5
  1398 | D:2      | Reached XP level 4. HP: 32/32 MP: 6/6
  1460 | D:2      | Noticed Natasha
  1481 | D:1      | Killed Natasha
  1667 | D:1      | Noticed Natasha
  1677 | D:1      | HP: 1/32 [Natasha (5)]
  1678 | D:1      | Killed Natasha
  1678 | D:1      | Reached XP level 5. HP: 1/37 MP: 7/7
  1918 | D:1      | Noticed Natasha
  1928 | D:1      | Mangled by Natasha

Skill      XL: |  1  2  3  4 |
---------------+-------------+-----
Armour         | 1 2 |  2.2
Short Blades   | 2 |  2.2
Fighting       | |  1.5
Dodging        | |  2.2
Stealth        | |  1.3
Evocations     | |  3.7

Action                   |  1- 3 |  4- 6 || total
-------------------------+-------+-------++-------
Melee: Short sword       |    93 |       ||    93
       Dagger            |    12 |    39 ||    51
 Stab: Sleeping          |     2 |       ||     2
  Eat: Chunk             |       |     2 ||     2
Armor: Leather armour    |    33 |    16 ||    49
Dodge: Dodged            |    67 |    53 ||   120
